 Dungeon Crawl Stone Soup version 0.28-a0-1080-g05a166d0ed (webtiles) character file.

Game seed: 2129473336376419558

56 yoda5477 the Chopper (level 3, 0/29 HPs)
             Began as a Demonspawn Fighter on Dec 9, 2021.
             Killed from afar by an orc wizard (11 damage)
             ... with a magic dart
             ... on level 3 of the Dungeon.
             The game lasted 00:04:05 (1769 turns).

yoda5477 the Chopper (Demonspawn Fighter)           Turns: 1769, Time: 00:04:06

Health: 0/29       AC:  6    Str: 18    XL:     3   Next: 69%
Magic:  3/3        EV:  9    Int:  9    God:
Gold:   71         SH:  4    Dex: 12    Spells: 2/2 levels left

rFire   . . .      SeeInvis .   a - +0 war axe
rCold   . . .      Faith    .   c - +0 buckler
rNeg    . . .      Spirit   .   b - +0 scale mail
rPois   .          Reflect  .   (no helmet)
rElec   .          Harm     .   (no cloak)
rCorr   .          Rampage  .   (no gloves)
Will    .....                   (no boots)
Stlth   ..........              (no amulet)
HPRegen 0.09/turn               (no ring)
MPRegen 0.08/turn               (no ring)

@: no status effects
A: claws 1
a: no special abilities


You were on level 3 of the Dungeon.
You visited 1 branch of the dungeon, and saw 3 of its levels.

You collected 71 gold pieces.

Inventory:

Hand Weapons
 a - a +0 war axe (weapon)
Missiles
 e - 14 poisoned darts (quivered)
 f - 37 arrows
 m - 22 stones
Armour
 b - a +0 scale mail (worn)
 c - a +0 buckler (worn)
Wands
 n - a wand of mindburst (22)
Scrolls
 g - a scroll of fear {unknown}
Potions
 d - a potion of might
 h - a potion of curing {unknown}
 i - 2 potions of lignification {unknown}
 j - a potion of attraction {unknown}
 k - a potion of invisibility {unknown}
 l - 2 potions of heal wounds {unknown}


   Skills:
 - Level 3.0 Fighting
 * Level 3.2 Axes
 - Level 2.6 Armour
 * Level 1.3 Stealth
 - Level 2.6 Shields
 * Level 0.5 Unarmed Combat


You had 2 spell levels left.
You didn't know any spells.
Your spell library was empty.

Dungeon Overview and Level Annotations

Branches:
Dungeon (3/15)

Altars:


Innate Abilities, Weirdness & Mutations

You have sharp fingernails.


Message History

The ball python constricts you.
You slash the ball python!
You kill the ball python!
The goblin shoots a stone.
You block the stone.
A ball python comes into view.
The goblin shoots a stone.
The stone hits you.
The goblin shoots a stone.
The stone hits you. You block the ball python's attack.
The ball python closely misses you.
You slash the ball python!
You kill the ball python!
You hit the goblin.
You kill the goblin!
No target in view!
A bat comes into view.
A bat is nearby!
A bat is nearby!
Items here: ( )) †.
The bat hits you. The bat closely misses you. The bat barely misses you.
You hit the bat.
You kill the bat!
No target in view!
No target in view!
An orc comes into view. It is wielding a +0 vorpal trident.
Found a potion of might.
The orc shouts!
You hear a shout!
The orc hits you from afar with a +0 vorpal trident.
An orc comes into view. It is wielding a +0 short sword.
A goblin and an orc come into view.
The orc shouts! x2; The goblin shouts!
The orc closely misses you.
An orc wizard comes into view. It is wielding a +0 dagger.
You closely miss the orc.
The orc wizard shouts!
You hear an angry hiss.
The orc hits you with a +0 vorpal trident. x2
The orc hits you but does no damage.
The orc wizard points at you and mumbles some strange words.
The magic dart hits you!
You die...

#..(...!...#
#####...........
#........g......
#.$.....o....... #
###........o..# .
#...........o.#
#.#.............# .
#.#..<...o......#
#.#.....@.........#
#####.###.............#
...........†).........#
......................#
......................#
......................#
.#.........##.........#
.........####.........
.......<.# #.........


You could see an orc wizard, 2 orcs and a goblin.

Vanquished Creatures
  2 bat skeletons (D:2)
  2 bat zombies (D:2)
  5 endoplasms
  3 giant cockroaches
  7 goblins
  3 hobgoblins
  4 jackals (D:2)
  7 ball pythons
  A ball python skeleton (D:2)
  5 bats
  3 frilled lizards
  6 kobolds
  2 quokka skeletons (D:2)
  A quokka zombie (D:2)
  A rat (D:1)
52 creatures vanquished.

Vanquished Creatures (others)
  4 withered plants (D:2)
4 creatures vanquished.

Grand Total: 56 creatures vanquished

Notes
Turn   | Place    | Note
-------+----------+-------------------------------------------
     0 | D:1      | yoda5477 the Demonspawn Fighter began the quest for the
                  | Orb.
     0 | D:1      | Reached XP level 1. HP: 18/18 MP: 1/1
     4 | D:1      | Noticed a minotaur skeleton
    13 | D:1      | Noticed a minotaur skeleton
    15 | D:1      | Noticed a minotaur skeleton
   322 | D:1      | Gained mutation: You have sharp fingernails. [demonic
                  | ancestry]
   322 | D:1      | Reached XP level 2. HP: 18/24 MP: 2/2
   447 | D:1      | Reached skill level 1 in Stealth
  1127 | D:1      | Reached XP level 3. HP: 25/29 MP: 3/3
  1327 | D:2      | Found a faded altar of an unknown god.
  1769 | D:3      | Killed from afar by an orc wizard

Illustrated notes

Levels and vault maps discovered:
D:1:      shiori_arrival_whats_in_store_for_you, layout_rooms, nrook_uturn
D:2:      layout_rooms, serial_undead, serial_undead_a, serial_undead_e,
          serial_undead_e, serial_undead_a, serial_undead_a, serial_undead_c,
          serial_undead_c, ebering_ecumenical_altar_webs
D:3:      layout_basic, old_standard_altar, corexii_item_surrounded_by_moat

Skill      XL: |  1  2  3 |
---------------+----------+-----
Axes           | 2 3 |  3.2
Stealth        | 1 |  1.3
Fighting       | |  3.0
Armour         | |  2.6
Shields        | |  2.6
Unarmed Combat | |  0.5

Action                   || total
-------------------------++-------
Melee: War axe           ||   144
Armor: Scale mail        ||   106
Dodge: Dodged            ||    93
Block: Buckler           ||    46

Table legend: (Time is in decaauts)
 A = Elapsed time spent in this place.
 B = Non-inter-level travel time spent in this place.
 C = Inter-level travel time spent in this place.
 D = Time resting spent in this place.
 E = Time spent auto-exploring this place.
 F = Levels seen in this place.
 G = Mean time per level.
                   A        B        C        D        E       F      G
               +--------+--------+--------+--------+--------+-----+--------+
         Total |   1831 |   1781 |     50 |    242 |   1129 |   3 |  610.3 |
       Dungeon |   1831 |   1781 |     50 |    242 |   1129 |   3 |  610.3 |
               +--------+--------+--------+--------+--------+-----+--------+

Top non-repeatable levels by time:
     D:1: 1151 daAuts
     D:2: 589 daAuts
     D:3: 91 daAuts
